 Dungeon Crawl Stone Soup version 0.31-a0-210-gccc998df9b (webtiles) character file.

Game seed: 8350444775920220516

149 Anon1729 the Trooper (level 5, -1/42 HPs)
             Began as a Demonspawn Monk on June 29, 2023.
             Killed by divine providence
             ... invoked by an orc priest
              (13 damage)
             ... on level 4 of the Dungeon.
             The game lasted 00:01:01 (2491 turns).

Anon1729 the Trooper (Demonspawn Monk)              Turns: 2491, Time: 00:01:01

Health: -1/42      AC:  9    Str: 12    XL:     5   Next: 9%
Magic:  7/7        EV: 13    Int: 11    God:
Gold:   156        SH:  4    Dex: 17    Spells: 4/4 levels left

rFire   . . .        n - +0 dagger (protect)
rCold   . . .        d - orb {light}
rNeg    . . .        b - +0 robe
rPois   .            (no helmet)
rElec   .            (no cloak)
rCorr   .            (no gloves)
SInv    .            (no boots)
Will    .....        (no amulet)
Stlth   +            (no ring)
HPRegen 0.27/turn    (no ring)
MPRegen 0.10/turn

%: no passive effects
@: mighty, brilliant, under a protective aura, glowing
A: large bone plates 1, weakness stinger 1
a: no special abilities


You were on level 4 of the Dungeon.
You visited 1 branch of the dungeon, and saw 4 of its levels.

You collected 156 gold pieces.

Inventory:

Hand Weapons
 a - a +0 short sword
 n - a +0 dagger of protection (weapon)
Armour
 b - a +0 robe (worn)
 d - an orb of light (worn)
Scrolls
 c - a scroll of noise {unknown}
 e - 3 scrolls of teleportation {unknown}
 f - a scroll of revelation {unknown}
 i - 3 scrolls of amnesia {unknown}
 j - 2 scrolls of poison {unknown}
 k - 3 scrolls of enchant weapon {unknown}
 o - 2 scrolls of identify {unknown}
 r - a scroll of fear {unknown}
Potions
 g - 2 potions of brilliance
 h - a potion of degeneration {unknown}
 l - a potion of enlightenment {unknown}
 m - a potion of resistance {unknown}
 q - a potion of curing {unknown}


   Skills:
 + Level 3.6 Fighting
 + Level 3.3 Short Blades
 + Level 1.7 Armour
 + Level 3.3 Dodging
 + Level 2.8 Invocations


You had 4 spell levels left.
You didn't know any spells.
Your spell library contained the following spells:

 Spells                   Type           Power      Damage    Failure   Level
 Scorch                   Fire           0%         2d5       47%         2
 Flame Wave               Conj/Fire      0%         2d4       98%         4
 Summon Cactus Giant      Summ           0%         N/A       100%        6


Dungeon Overview and Level Annotations

Branches:
Dungeon (4/15)
 Temple: D:4-7

Altars:
Sif Muna

Shops:
D:1 (   D:3 =


Innate Abilities, Weirdness & Mutations

You are partially covered in large bone plates. (SH +4)
You have a small tail.


Message History

You kill the orc!
The orc priest hits you but does no damage.
You hit the orc priest.
The orc priest is lightly wounded.
The orc priest mumbles some strange prayers to Beogh against you.
Beogh smites you!
You hit the orc priest.
The orc priest is moderately wounded.
The orc priest calls down the wrath of Beogh upon you.
Beogh smites you!
* * * LOW HITPOINT WARNING * * *
You are too injured to fight recklessly!
You are too injured to fight recklessly!
You are too injured to fight recklessly!
You are too injured to fight recklessly!
You are too injured to fight recklessly!
You are too injured to fight recklessly!
You are too injured to fight recklessly!
You are too injured to fight recklessly!
You are too injured to fight recklessly!
You are too injured to fight recklessly!
You are too injured to fight recklessly!
You are too injured to fight recklessly!
You are too injured to fight recklessly!
You are too injured to fight recklessly!
You are too injured to fight recklessly!
You are too injured to fight recklessly!
You are too injured to fight recklessly!
You are too injured to fight recklessly!
You are too injured to fight recklessly!
You are too injured to fight recklessly!
It was a potion of brilliance.
You feel clever all of a sudden.
The orc priest mumbles some strange prayers to Beogh against you.
You barely resist.
It was a potion of might.
You feel very mighty all of a sudden.
The orc priest mumbles some strange prayers to Beogh against you.
Beogh smites you!
You die...

..# #..#######
.. ..## #..#
...###..#
........#
........#
...###..# ..##
##.# # .##
#.##########.#
##
#.........@).# #
####.......o...#
#############


You could see an orc priest.

Vanquished Creatures
  A phantom (D:4)
  2 adders
  A worm (D:3)
  2 dart slugs
  An orc (D:4)
  4 ball pythons
  5 bats
  4 endoplasms
  2 giant cockroaches
  2 goblins
  6 hobgoblins
  4 jackals (D:1)
  2 quokkas
  2 frilled lizards
  8 kobolds
  6 rats
52 creatures vanquished.

Notes
Turn   | Place    | Note
-------+----------+-------------------------------------------
     0 | D:1      | Anon1729 the Demonspawn Monk began the quest for the Orb.
     0 | D:1      | Reached XP level 1. HP: 18/18 MP: 1/1
   247 | D:1      | Gained mutation: You are partially covered in large bone
                  | plates. (SH +4) [demonic ancestry]
   247 | D:1      | Reached XP level 2. HP: 24/24 MP: 2/2
   254 | D:1      | Found Ceblew's Weapon Shoppe.
   271 | D:1      | Reached skill level 1 in Invocations
  1080 | D:2      | Gained mutation: You have a small tail. [demonic ancestry]
  1080 | D:2      | Reached XP level 3. HP: 29/29 MP: 4/4
  1098 | D:2      | Reached skill level 1 in Armour
  1492 | D:3      | Found a shimmering blue altar of Sif Muna.
  1562 | D:3      | Found Idemez's One-of-a-Kind Rings.
  2045 | D:4      | Noticed a phantom
  2071 | D:4      | Killed a phantom
  2072 | D:4      | Reached XP level 4. HP: 21/36 MP: 5/5
  2148 | D:4      | Reached XP level 5. HP: 33/41 MP: 5/7
  2491 | D:4      | Killed from afar by an orc priest

Illustrated notes

Levels and vault maps discovered:
D:1:      dpeg_arrival_erosion, layout_loops_ring, serial_shops,
          nicolae_shop_bloodbath_and_beyond, minmay_distorted
D:2:      layout_basic
D:3:      layout_rooms, mainiacjoe_overflow_boulevard, grunt_decor_resistance,
          nicolae_shop_unique_rings, kennysheep_generic_room_13
D:4:      layout_layer_cave, minivault_5

Skill      XL: |  1  2  3 |
---------------+----------+-----
Invocations    | 1 2 |  2.8
Armour         | 1 |  1.7
Dodging        | 3 |  3.3
Short Blades   | 3 |  3.3
Fighting       | |  3.6

Action                     |  1- 3 |  4- 6 || total
---------------------------+-------+-------++-------
  Melee: Short sword       |   107 |       ||   107
         Dagger            |    77 |    43 ||   120
         Tailslap          |    19 |     5 ||    24
    Use: Potion            |     1 |     2 ||     3
 Armour: Robe              |    27 |     9 ||    36
  Dodge: Dodged            |   104 |    21 ||   125
  Block: Orb               |    17 |     4 ||    21

Table legend: (Time is in decaauts)
 A = Elapsed time spent in this place.
 B = Non-inter-level travel time spent in this place.
 C = Inter-level travel time spent in this place.
 D = Time resting spent in this place.
 E = Time spent auto-exploring this place.
 F = Levels seen in this place.
 G = Mean time per level.
                   A        B        C        D        E       F      G
               +--------+--------+--------+--------+--------+-----+--------+
         Total |   2455 |   2389 |     66 |      0 |   2002 |   4 |  613.8 |
       Dungeon |   2455 |   2389 |     66 |      0 |   2002 |   4 |  613.8 |
               +--------+--------+--------+--------+--------+-----+--------+

Top non-repeatable levels by time:
     D:1: 834 daAuts
     D:2: 640 daAuts
     D:3: 544 daAuts
     D:4: 436 daAuts
